 Dungeon Crawl Stone Soup version 0.30-b1-2-g02819fbbbe (webtiles) character file.

Game seed: 3387930952944115322

966 Keeldawg the Cleaver (level 7, 0/63 HPs)
             Began as a Minotaur Berserker on May 17, 2023.
             Was a Priest of Trog.
             Slain by a gnoll sergeant
             ... wielding a +4 spear of flaming
              (2 damage)
             ... on level 6 of the Dungeon.
             The game lasted 00:09:58 (5235 turns).

Keeldawg the Cleaver (Minotaur Berserker)           Turns: 5235, Time: 00:09:58

Health: 0/63       AC: 12    Str: 27    XL:     7   Next: 93%
Magic:  6/6        EV:  9    Int:  4    God:    Trog [***...]
Gold:   153        SH:  5    Dex: 12    Spells: 6/6 levels left

rFire   + . .        a - +0 hand axe
rCold   . . .        (no shield)
rNeg    . . .        p - +2 chain mail {rF+}
rPois   .            (helmet restricted)
rElec   .            (no cloak)
rCorr   .            (no gloves)
SInv    .            (no boots)
Will    .....        t - amulet of reflection Stlth
                     q - +6 ring of strength
HPRegen 0.30/turn    (no ring)
MPRegen 0.10/turn

%: reflection
@: no status effects
A: horns 2, retaliatory headbutt
a: Renounce Religion, Berserk, Trog's Hand


You were on level 6 of the Dungeon.
You worshipped Trog.
Trog was most pleased with you.
You visited 1 branch of the dungeon, and saw 6 of its levels.

You collected 286 gold pieces.
You spent 133 gold pieces at shops.

Inventory:

Hand Weapons
 a - a +0 hand axe (weapon)
Armour
 b - a +0 animal skin
 e - a +0 chain mail
 p - a +2 chain mail of fire resistance (worn)
Jewellery
 q - a +6 ring of strength (left hand)
 t - an amulet of reflection (around neck)
Wands
 s - a wand of flame (22)
Scrolls
 c - 2 scrolls of brand weapon {unknown}
 d - 2 scrolls of magic mapping {unknown}
 f - 5 scrolls of teleportation {unknown}
 g - 4 scrolls of identify
 i - a scroll of amnesia {unknown}
 k - 6 scrolls of fog {unknown}
 r - 3 scrolls of immolation {unknown}
 u - a scroll of enchant armour
 v - a scroll of enchant weapon {unknown}
 x - a scroll of noise {unknown}
Potions
 h - a potion of flight {unknown}
 j - 2 potions of resistance {unknown}
 l - 3 potions of curing {unknown}
 m - a potion of heal wounds {unknown}
 n - a potion of invisibility {unknown}
 o - 2 potions of haste {unknown}
 w - a potion of mutation {unknown}


   Skills:
 * Level 6.2 Fighting
 * Level 8.1 Axes
 * Level 6.6 Armour
 - Level 2.1 Dodging
 + Level 1.3 Shields


You had 6 spell levels left.
You didn't know any spells.
Your spell library was empty.

Dungeon Overview and Level Annotations

Branches:
Dungeon (6/15)
 Temple: D:4-7

Altars:
Ashenzari
Elyvilon
Nemelex Xobeh
Okawaru
Qazlal
Xom

Shops:
D:1 =   D:4 *


Innate Abilities, Weirdness & Mutations

You have a pair of horns on your head.
You reflexively headbutt those who attack you in melee.


Message History

The gnoll sergeant is lightly wounded.
The gnoll sergeant hits you with a +4 spear of flaming.
You hit the gnoll sergeant but do no damage.
You headbutt the gnoll sergeant, but do no damage.
The gnoll sergeant is lightly wounded.
You hit the gnoll sergeant but do no damage.
The gnoll sergeant is lightly wounded.
The gnoll sergeant hits you with a +4 spear of flaming.
You hit the gnoll sergeant but do no damage.
The gnoll sergeant is lightly wounded.
The gnoll sergeant hits you with a +4 spear of flaming!
The gnoll sergeant burns you.
You hit the gnoll sergeant but do no damage.
You headbutt the gnoll sergeant.
The gnoll sergeant is lightly wounded.
The gnoll sergeant hits you but does no damage.
You closely miss the gnoll sergeant. You headbutt the gnoll sergeant.
The gnoll sergeant is moderately wounded.
The gnoll sergeant hits you with a +4 spear of flaming.
You hit the gnoll sergeant but do no damage.
The gnoll sergeant is moderately wounded.
You block the gnoll sergeant's attack.
You hit the gnoll sergeant but do no damage.
The gnoll sergeant is moderately wounded.
The gnoll sergeant hits you with a +4 spear of flaming!
The gnoll sergeant burns you.
You hit the gnoll sergeant.
The gnoll sergeant is heavily wounded.
You hit the gnoll sergeant but do no damage.
The gnoll sergeant is heavily wounded.
The gnoll sergeant hits you with a +4 spear of flaming!
* * * LOW HITPOINT WARNING * * *
The gnoll sergeant burns you.
* * * LOW HITPOINT WARNING * * *
You barely miss the gnoll sergeant. You headbutt the gnoll sergeant!
The gnoll sergeant is severely wounded.
The gnoll sergeant hits you with a +4 spear of flaming!
* * * LOW HITPOINT WARNING * * *
The gnoll sergeant burns you.
You die...

.#....†...'....)..#
##....)...'.>))#[.#
.#........'....#..#
..........######..#
###....PP♣# #..# #
###..♣P♣#. #..# .#
#.PP♣♣#$. #..#
..##...♣P #..g #..#
..##..PP P#....#@.#
..###.. .#(.)Kg..#
..# .#....'.[#
♣#...)#..#
#.[..#..# #....#..#
#### #++#


You could see a gnoll sergeant and a kobold.

Vanquished Creatures
  A black bear (D:5)
  2 ogres
  A phantom (D:4)
  A scorpion (D:5)
  2 hounds (D:6)
  2 orc priests
  2 iguanas
  A sleepcap (D:4)
  3 orc wizards
  Terence (D:3)
  Natasha (thrice) (D:3)
  Robin (D:3)
  5 adders
  2 gnolls (D:6)
  A white imp (D:5)
  3 worms (D:2)
  3 dart slugs
  14 orcs
  6 bats
  4 endoplasms
  10 goblins
  11 hobgoblins
  7 kobolds
  7 quokkas
  6 ball pythons
  2 frilled lizards
  9 rats
110 creatures vanquished.

Vanquished Creatures (others)
  A kobold brigand (D:6)
1 creature vanquished.

Grand Total: 111 creatures vanquished

Notes
Turn   | Place    | Note
-------+----------+-------------------------------------------
     0 | D:1      | Keeldawg the Minotaur Berserker began the quest for the
                  | Orb.
     0 | D:1      | Reached XP level 1. HP: 19/19 MP: 0/0
   203 | D:1      | Reached XP level 2. HP: 23/27 MP: 1/1
   361 | D:1      | Found a faded altar of an unknown god.
   368 | D:1      | Reached skill level 4 in Axes
   509 | D:1      | Found Feuroag's Jewellery Boutique.
   855 | D:2      | Reached XP level 3. HP: 20/33 MP: 2/2
  1812 | D:3      | Reached ** piety under Trog
  1846 | D:3      | Reached XP level 4. HP: 24/41 MP: 3/3
  1870 | D:3      | Reached skill level 5 in Axes
  1986 | D:3      | Noticed Natasha
  2001 | D:3      | Killed Natasha
  2109 | D:3      | Noticed Terence
  2115 | D:3      | Killed Terence
  2116 | D:3      | Reached XP level 5. HP: 47/47 MP: 4/4
  2181 | D:3      | Noticed Robin
  2185 | D:3      | Killed Robin
  2359 | D:3      | Noticed Natasha
  2370 | D:3      | Killed Natasha
  2371 | D:3      | Reached skill level 5 in Fighting
  2967 | D:3      | Noticed Natasha
  2973 | D:3      | Killed Natasha
  3056 | D:4      | Found Bust's General Store.
  3147 | D:4      | Noticed a phantom
  3158 | D:4      | Killed a phantom
  3159 | D:4      | Reached skill level 6 in Axes
  3159 | D:4      | Reached XP level 6. HP: 44/56 MP: 5/5
  3245 | D:4      | Reached skill level 5 in Armour
  4058 | D:4      | Bought a scroll of enchant armour for 105 gold pieces
  4058 | D:4      | Bought a scroll of identify for 28 gold pieces
  4063 | D:5      | Entered Level 5 of the Dungeon
  4314 | D:5      | Found a broken altar of Ashenzari.
  4314 | D:5      | Found a sparkling altar of Nemelex Xobeh.
  4314 | D:5      | Found a white marble altar of Elyvilon.
  4314 | D:5      | Found a stormy altar of Qazlal.
  4323 | D:5      | Found a shimmering altar of Xom.
  4323 | D:5      | Found an iron altar of Okawaru.
  4488 | D:5      | Reached XP level 7. HP: 53/62 MP: 6/6
  4550 | D:5      | Reached skill level 7 in Axes
  4864 | D:6      | Reached *** piety under Trog
  4912 | D:6      | Reached skill level 1 in Shields
  5184 | D:6      | Reached skill level 8 in Axes
  5235 | D:6      | HP: 2/63 [gnoll sergeant/+4 spear of flaming (12)]
  5235 | D:6      | Slain by a gnoll sergeant

Illustrated notes

Levels and vault maps discovered:
D:1:      kilobyte_arrival_exit_the_forest, layout_basic,
          ebering_ecumenical_altar_sacrificial, serial_shops,
          nicolae_shop_crystal
D:2:      layout_rooms
D:3:      layout_loops_ring, roderic_lattice_a, minmay_statues_item,
          uniq_natasha, uniq_terence, uniq_robin
D:4:      layout_basic, serial_shops, nicolae_shop_competitors_out_of_business
D:5:      layout_rooms, minmay_overflow_temple_hex
D:6:      kennysheep_housing_project, layout_cave_pods, minmay_lizard_king

Skill      XL: |  1  2  3  4  5  6  7 |
---------------+----------------------+-----
Fighting       | 4 5 6 |  6.2
Axes           | 4 5 6 8 |  8.1
Armour         | 3 4 5 6 |  6.6
Shields        | 1 |  1.3
Dodging        | |  2.1

Action                     |  1- 3 |  4- 6 |  7- 9 || total
---------------------------+-------+-------+-------++-------
  Melee: Hand axe          |   118 |   171 |    69 ||   358
         Headbutt          |    11 |    25 |    16 ||    52
         Punch             |       |     2 |       ||     2
 Invoke: Berserk           |     1 |     2 |       ||     3
         Trog's Hand       |     1 |       |     1 ||     2
 Armour: Animal skin       |     2 |       |       ||     2
         Chain mail        |    54 |    83 |    28 ||   165
  Dodge: Dodged            |    51 |    55 |    17 ||   123
  Block: Other             |       |    14 |    15 ||    29
         Reflection        |       |     1 |     2 ||     3
